 Dungeon Crawl Stone Soup version 0.25-a0-435-g4b9beb1024 (webtiles) character file.

Game seed: 1890742001386312894, levelgen mode: deterministic

42331 Eurus the Destroyer (level 13, -11/98 HPs)
             Began as a Mummy Conjurer on Jan 28, 2020.
             Was a High Priest of Ashenzari.
             Hit by a javelin thrown by a minotaur (30 damage)
             ... in a Gauntlet.
             The game lasted 01:45:43 (33966 turns).

Eurus the Destroyer (Mummy Conjurer)               Turns: 33966, Time: 01:45:43

Health: -11/98     AC: 10    Str: 12    XL:     13   Next: 84%
Magic:  17/27      EV: 13    Int: 19    God:    Ashenzari [*****.]
Gold:   686        SH:  6    Dex: 15    Spells: 20/32 levels left

rFire    . . .     SeeInvis +   w - staff of conjuration (curse)
rCold    + + .     Gourm    .   i - +0 buckler "Geul" {*Contam rF+ rC+ rN+} (curse)
rNeg     + + +     Faith    .   t - +0 troll leather armour
rPois    ∞         Spirit   .   j - +0 helmet (curse)
rElec    .         Reflect  .   s - +0 cloak {rPois}
rCorr    .         Harm     .   d - +2 pair of gloves {Dex+3} (curse)
MR       +....     Clarity  +   (no boots) Stlth ++........NoTele +
                                (no amulet)
HPRegen  0.66/turn              (no ring)
MPRegen  0.20/turn              (no ring)

@: no status effects
A: no food or potions, fire vulnerability, cold resistance 1, negative energy
resistance 3, torment resistance, unbreathing, in touch with death 1
a: Curse Item, Scrying, Transfer Knowledge, Renounce Religion


You were in a Gauntlet.
You worshipped Ashenzari.
Ashenzari was extremely pleased with you.
You were not hungry.

You visited 3 branches of the dungeon, and saw 20 of its levels.
You also visited: Gauntlet.

You collected 1041 gold pieces.
You spent 355 gold pieces at shops.

Inventory:

Armour
 d - a cursed +2 pair of gloves of dexterity (worn)
 h - +0 acid dragon scales
 i - the cursed +0 buckler "Geul" (worn) {*Contam rF+ rC+ rN+}
   (You bought it in a shop on level 5 of the Dungeon)

   It protects you from fire.
   It protects you from cold.
   It protects you from negative energy.
   It causes magical contamination when unequipped.
   If you remove this armour, your AC will rise 0 points (10 -> 10) It has a
   curse placed upon it.
 j - a cursed +0 helmet (worn)
 k - a +2 robe of magic resistance
 m - a +2 robe of cold resistance
 q - a cursed +0 ring mail
 s - a +0 cloak of poison resistance (worn)
 t - a +0 troll leather armour (worn)
 C - the +2 helmet "Earthly Heaven" {Str+4 Int+2 Stlth+}
   (You found it in a Gauntlet)

   It affects your strength (+4).
   It affects your intelligence (+2).
   It makes you more stealthy.
   If you switch to wearing this armour, your AC will rise 2 points (10 -> 12)
 E - a +2 chain mail of fire resistance
Magical Staves
 w - a cursed staff of conjuration (weapon)
Jewellery
 f - an uncursed ring of ice
 l - an uncursed ring of fire
 A - an uncursed ring of ice
 D - the ring of Losh {*Corrode +Inv rN+ Int+2 Stlth-}
   (You found it in a Gauntlet)

   [ring of attention]

   It affects your intelligence (+2).
   It protects you from negative energy.
   It lets you turn invisible.
   It may corrode you when you take damage.
   It makes you less stealthy.
Wands
 n - a wand of polymorph (24)
 p - a wand of acid (22)
 r - a wand of enslavement (11)
 u - a wand of flame (23)
 x - a wand of iceblast (10)
 B - a wand of digging (5)
Scrolls
 a - 2 scrolls of fog
 b - 4 scrolls of magic mapping
 c - 7 scrolls of identify
 g - 5 scrolls of amnesia
 o - 6 scrolls of enchant weapon
 v - 3 scrolls of blinking
 y - 4 scrolls of teleportation
 z - a scroll of enchant armour


   Skills:
 - Level 8.0 Fighting
 + Level 10.2 Staves
 - Level 6.1 Armour
 - Level 3.0 Dodging
 - Level 1.5 Stealth
 + Level 4.0(6.5) Shields
 - Level 10.3(14.0) Spellcasting
 + Level 10.8 Conjurations
 - Level 6.0 Translocations
 + Level 4.3 Fire Magic


You had 20 spell levels left.
You knew the following spells:

 Your Spells              Type           Power        Failure   Level  Hunger
a - Magic Dart            Conj           ####         1%          1    N/A
b - Searing Ray           Conj           ######       1%          2    N/A
c - Iskenderun's Mystic   Conj/Tloc      ######..     1%          4    N/A
d - Fireball              Conj/Fire      ######....   8%          5    N/A

Your spell library contained the following spells:

 Spells                   Type           Power        Failure   Level  Hunger
 Shock                    Conj/Air       ####         1%          1    N/A
 Dazzling Flash           Conj/Hex       ######       1%          3    N/A
 Static Discharge         Conj/Air       ######..     1%          3    N/A
 Portal Projectile        Hex/Tloc       ###...       5%          3    N/A
 Recall                   Summ/Tloc      N/A          5%          3    N/A
 Corona                   Hex            ##.....      6%          1    N/A
 Freeze                   Ice            ##..         6%          1    N/A
 Fulminant Prism          Conj/Hex       ######....   6%          4    N/A
 Hailstorm                Conj/Ice       ######..     6%          4    N/A
 Inner Flame              Hex/Fire       ###.....     8%          3    N/A
 Ensorcelled Hibernation  Hex/Ice        ##....       9%          2    N/A
 Slow                     Hex            ##......     9%          2    N/A
 Swiftness                Chrm/Air       ##......     9%          2    N/A
 Ignite Poison            Fire/Tmut/Pois ###.....     10%         3    N/A
 Confusing Touch          Hex            ##......     19%         3    N/A
 Ozocubu's Armour         Chrm/Ice       ##......     19%         3    N/A
 Tukima's Dance           Hex            ##......     19%         3    N/A
 Lightning Bolt           Conj/Air       ######....   19%         5    N/A
 Starburst                Conj/Fire      ######....   38%         6    N/A
 Summon Forest            Summ/Tloc      ###.......   43%         5    N/A
 Airstrike                Air            ##........   52%         4    N/A
 Cause Fear               Hex            ##........   52%         4    N/A
 Leda's Liquefaction      Hex/Erth       ##........   52%         4    N/A
 Olgreb's Toxic Radiance  Pois           ##......     52%         4    N/A
 Summon Ice Beast         Ice/Summ       ##......     52%         4    N/A
 Alistair's Intoxication  Tmut/Pois      ##......     86%         5    N/A
 Aura of Abjuration       Summ           ##........   86%         5    N/A
 Summon Demon             Summ           ##........   86%         5    N/A
 Summon Mana Viper        Hex/Summ       ##......     86%         5    N/A
 Shadow Creatures         Summ           N/A          100%        6    N/A
 Ring of Flames           Chrm/Fire      ###.......   100%        7    N/A
 Ignition                 Fire           ####......   100%        8    N/A

Dungeon Overview and Level Annotations

Branches:
Dungeon (15/15)            Temple (1/1) D:5            Lair (4/6) D:9
  Snake (0/4) Lair:2          Orc (0/2) D:12        Gauntlet (1/1)
  Swamp: Lair:2-4    Shoals: Lair:2-4    Vaults: D:13-14     Depths: D:15

Altars:
Ashenzari
Cheibriados
Dithmenos
Elyvilon
Fedhas
Gozag
Hepliaklqana
Kikubaaqudgha
Makhleb
Nemelex Xobeh
Okawaru
Qazlal
Ru
Sif Muna
Trog
Uskayaw
Vehumet
Wu Jian
Xom
Yredelemnul
Zin
The Shining One

Shops:
D:5 [   D:8 *   D:11 [!**   D:12 [   D:13 !

Annotations:
D:1 exclusion: downstairs
D:3 Sigmund
D:7 exclusion: two-headed ogre
D:11 3 runed translucent doors, Bolemech's ghost, journeyman TeAE
D:13 exclusions: sensed monster (detected) and tengu warrior
D:14 exclusions: 3 doors and sensed monster (detected)
Lair:3 exclusion: oklob plant Gauntlet 6 transporters, exclusions: ice statue and orange crystal statue


Innate Abilities, Weirdness & Mutations

You do not eat or drink.
Your flesh is vulnerable to fire.
You are immune to poison.
Your flesh is cold resistant. (rC+)
You are immune to negative energy. (rN+++)
You are immune to unholy pain and torment.
You can survive without breathing.
You are in touch with the powers of death.


Message History

You assume a fearsome visage.
The minotaur looks frightened!
Casting: Searing Ray (safe; 1% risk of failure)
Confirm with . or Enter, or press ? or * to list all spells.
Aiming: Searing Ray (safe; 1% risk of failure)
Press: ? - help, Shift-Dir - straight line, f/p - minotaur
Aim: a minotaur, wielding a +4 executioner's axe of flaming, wearing the +4 ring mail of Supple Strength {rF+ rC++} and quivering 4 javelins (lightly wounded, fleeing)
You feel a surge of power!
The searing ray hits the minotaur.
The minotaur is lightly wounded.
Your attack snaps the minotaur out of its fear. (Press . to maintain the ray.) Cornered, the minotaur turns to fight!
The searing ray hits the minotaur but does no damage.
The minotaur is lightly wounded.
The searing ray hits the minotaur!
The minotaur is moderately wounded.
The searing ray hits the minotaur!
The minotaur is moderately wounded.
You finish channeling your searing ray.
The minotaur throws a javelin.
The javelin pierces through you!!
You die...

#####≈..#..
#######..###..#[#
#....##..##≈..#©.
#.##.##..###..#.#
#.##.....##§..#.. *
###.##.##..###..#.. #≈
#.#....##....#..#..
#≈≈.#.#.##.##...©#..###
#≈∩H..@(##.......#.....
#≈≈.#.#.##.##....#.∩...
#≈≈≈#.#....##...©#..###
* **###.##.##....#..#..
#.##.....###..#=. #.#
.##..##≈..#.. #..., #..
##§.#©8 ###** #..
#≈..#:. * ##..#?.


You could see a minotaur.

Vanquished Creatures
  Louise (D:14)
  2 centaur warriors
  3 two-headed ogres
  A thrashing horror (Gauntlet)
  A queen ant (Gauntlet)
  An unseen horror (D:10)
  A manticore (D:12)
  2 deep elf magi
  9 ugly things
  5 elephants
  3 cyclopes
  2 black mambas
  Maurice (D:8)
  A rust devil (D:11)
  2 spiny frogs
  An orange demon (D:11)
  A centaur skeleton (D:11)
  A kobold demonologist (D:8)
  A freezing wraith (D:12)
  2 rime drakes
  4 komodo dragons
  A red devil (D:11)
  3 trolls
  A polar bear (Lair:3)
  Prince Ribbit (D:6)
  3 slime creatures
  13 hippogriffs
  7 blink frogs
  7 wraiths
  2 wyverns
  A centaur simulacrum (Gauntlet)
  3 hogs (D:8)
  22 yaks
  A human (D:8)
  Grum (D:8)
  A basilisk (Lair:3)
  A hungry ghost (D:9)
  A vampire mosquito (D:14)
  2 acid dragons (D:12)
  5 soldier ants
  4 water moccasins
  4 ice beasts
  5 orc warriors
  4 porcupines
  3 black bears
  2 eyes of draining
  6 sky beasts
  7 ogres
  4 phantoms
  A necrophage (D:14)
  9 centaurs
  10 wolves
  6 crocodiles
  18 big kobolds
  11 bullfrogs
  A spiny frog simulacrum (Gauntlet)
  5 scorpions
  11 killer bees (D:9)
  8 electric eels (Lair:3)
  29 wights
  6 howler monkeys
  9 crimson imps
  A centaur zombie (D:10)
  A bullfrog zombie (D:2)
  5 jellies
  11 orc priests
  5 bullfrog skeletons
  4 hounds
  10 orc wizards
  2 iguanas
  2 small abominations (Gauntlet)
  9 iron imps (D:11)
  9 worker ants
  2 killer bee zombies
  A bullfrog simulacrum (Gauntlet)
  A hound skeleton (D:5)
  Robin (D:2)
  16 adders
  A howler monkey skeleton (D:6)
  3 shadow imps
  An ooze (D:2)
  2 adder skeletons
  A worm (D:3)
  4 leopard geckos
  68 orcs
  5 bats
  4 giant cockroaches
  16 goblins
  11 hobgoblins
  2 quokkas
  6 frilled lizards
  2 jackal skeletons
  22 kobolds
  7 rats
519 creatures vanquished.

Vanquished Creatures (others)
  A vault guard (D:14)
  6 fungi (Lair:3)
  10 plants
17 creatures vanquished.

Grand Total: 536 creatures vanquished

Notes
Turn   | Place    | Note
-------+----------+-------------------------------------------
     0 | D:1      | Eurus the Mummy Conjurer began the quest for the Orb.
     0 | D:1      | Reached XP level 1. HP: 13/13 MP: 4/4
   366 | D:1      | Reached XP level 2. HP: 18/20 MP: 6/6
   370 | D:1      | Learned a level 2 spell: Searing Ray
   675 | D:1      | Reached skill level 1 in Fighting
  1129 | D:2      | Found a shimmering blue altar of Sif Muna.
  1396 | D:2      | Reached XP level 3. HP: 25/26 MP: 4/7
  1758 | D:2      | Found an ornate altar of the Wu Jian Council.
  2002 | D:2      | Found a snail-covered altar of Cheibriados.
  2004 | D:2      | Found an opulent altar of Gozag.
  2053 | D:2      | Reached XP level 4. HP: 26/33 MP: 4/9
  2157 | D:2      | Found a faded altar of an unknown god.
  2181 | D:2      | Found a glowing silver altar of Zin.
  2481 | D:3      | Reached skill level 1 in Staves
  2563 | D:3      | Reached XP level 5. HP: 39/39 MP: 5/11
  2821 | D:3      | Found a blossoming altar of Fedhas.
  2824 | D:3      | Noticed Robin
  2855 | D:2      | Killed Robin
  3265 | D:3      | You fall into a shaft and drop 2 floors!
  3265 | D:5      | Entered Level 5 of the Dungeon
  3298 | D:5      | Reached XP level 6. HP: 46/46 MP: 5/12
  3364 | D:5      | Found a staircase to the Ecumenical Temple.
  3373 | Temple   | Entered the Ecumenical Temple
  3467 | Temple   | Became a worshipper of Ashenzari the Shackled
  3498 | D:5      | Noticed an ice beast
  3587 | D:4      | Reached skill level 5 in Spellcasting
  4224 | D:3      | Reached XP level 7. HP: 52/52 MP: 10/14
  4488 | D:3      | Noticed Sigmund
  5354 | D:4      | Found a sacrificial altar of Ru.
  6433 | D:5      | Found Ikonn's Armour Shop.
  6485 | D:5      | Reached * piety under Ashenzari
  6674 | D:5      | Reached skill level 5 in Conjurations
  6868 | D:5      | Reached XP level 8. HP: 55/61 MP: 9/17
  7437 | D:6      | Found a burning altar of Makhleb.
  7446 | D:6      | Noticed Prince Ribbit
  8182 | D:6      | Reached skill level 5 in Fighting
  8481 | D:6      | Noticed a hippogriff
  8866 | D:6      | Killed a hippogriff
  8866 | D:6      | Reached XP level 9. HP: 59/69 MP: 10/20
  9047 | D:6      | Killed Prince Ribbit
  9352 | D:7      | Found a shadowy altar of Dithmenos.
  9621 | D:7      | Reached skill level 5 in Staves
 10381 | D:8      | Noticed a two-headed ogre
 10459 | D:8      | Found a sparkling altar of Nemelex Xobeh.
 10629 | D:8      | Noticed Maurice
 10649 | D:8      | Killed Maurice
 10735 | D:8      | Found Jent's Assorted Antiques.
 10738 | D:8      | Bought a scroll of remove curse for 81 gold pieces
 10872 | D:8      | Noticed Grum
 11382 | D:8      | Killed Grum
 11382 | D:8      | Reached XP level 10. HP: 35/79 MP: 10/23
 12359 | D:8      | Noticed an orange demon
 12363 | D:8      | Reached skill level 10 in Spellcasting
 12545 | D:8      | Learned a level 4 spell: Iskenderun's Mystic Blast
 12971 | D:9      | Found a radiant altar of Vehumet.
 13020 | D:9      | Reached ** piety under Ashenzari
 13031 | D:9      | Reached skill level 1 in Armour
 13032 | D:9      | Reached skill level 1 in Translocations
 13365 | D:9      | Found a bloodstained altar of Trog.
 14097 | D:9      | Found a sparkling altar of Nemelex Xobeh.
 14226 | D:9      | Reached XP level 11. HP: 86/86 MP: 21/25
 14354 | D:9      | Found a staircase to the Lair.
 14566 | D:10     | Entered Level 10 of the Dungeon
 14636 | D:10     | Killed an unseen horror
 14751 | D:10     | Identified the Disquisition on Feathery Toxins
 15999 | D:5      | Bought the cursed +0 buckler "Geul" {*Contam rF+ rC+ rN+}
                  | for 274 gold pieces
 16519 | D:11     | Got the cursed buckler of the Catamount {Slay+3}
 16635 | D:11     | Found Amirry's Assorted Antiques.
 16639 | D:11     | Found Wufumaxt's Distillery.
 16658 | D:11     | Found Kehou's Armour Shoppe.
 16669 | D:11     | Reached skill level 1 in Shields
 16812 | D:11     | Found Buinelif's General Store.
 17240 | D:11     | Found an ancient bone altar of Kikubaaqudgha.
 18202 | D:11     | Found a runed translucent gate.
 18202 | D:11     | Found a runed translucent gate.
 18202 | D:11     | Found a runed translucent gate.
 18202 | D:11     | Noticed a ten-headed hydra
 18202 | D:11     | Noticed Bolemech's ghost (journeyman TeAE)
 18232 | D:11     | Identified the cursed +0 buckler of the Catamount {Slay+3}
                  | (You found it on level 11 of the Dungeon)
 19257 | D:11     | Identified the +9 scimitar of Uskayaw's Fury {freeze, MR+}
 19276 | D:12     | Found Raybewna's Armour Boutique.
 19503 | D:12     | Noticed a deep elf mage
 19687 | D:12     | Killed a deep elf mage
 20160 | D:12     | Reached XP level 12. HP: 82/92 MP: 19/26
 20333 | D:12     | Identified the +5 long sword of Red Wine {flame, MR+ Dex+2}
 21149 | D:12     | Noticed a two-headed ogre
 21149 | D:12     | Noticed a death knight
 21276 | D:12     | Reached skill level 5 in Translocations
 21501 | D:12     | Found a staircase to the Orcish Mines.
 22190 | D:13     | Reached *** piety under Ashenzari
 22560 | D:13     | Noticed a tengu warrior
 22865 | D:13     | Found Nout's Distillery.
 23260 | D:13     | Noticed a two-headed ogre
 23272 | D:13     | Killed a two-headed ogre
 23534 | D:13     | Noticed a centaur warrior
 23538 | D:13     | Killed a centaur warrior
 23991 | D:13     | Noticed a two-headed ogre
 24014 | D:13     | Killed a two-headed ogre
 24747 | D:14     | Killed a vault guard
 24980 | D:14     | Reached skill level 5 in Armour
 25469 | D:14     | Learned a level 5 spell: Fireball
 25564 | D:14     | Noticed Louise
 25584 | D:14     | Killed Louise
 25584 | D:14     | Reached skill level 10 in Conjurations
 25877 | D:14     | Noticed a centaur warrior
 25898 | D:14     | HP: 1/92 [centaur warrior/arrow (28)]
 26480 | D:14     | Reached skill level 1 in Fire Magic
 26627 | D:14     | Gained mutation: You are in touch with the powers of death.
                  | [Mummy growth]
 26627 | D:14     | Reached XP level 13. HP: 84/98 MP: 18/27
 27589 | D:15     | Entered Level 15 of the Dungeon
 27976 | Lair:1   | Entered Level 1 of the Lair of Beasts
 28577 | Lair:1   | Reached **** piety under Ashenzari
 29876 | Lair:2   | Found a staircase to the Snake Pit.
 31649 | Lair:3   | Reached skill level 10 in Staves
 32104 | Lair:3   | Reached ***** piety under Ashenzari
 33173 | Lair:4   | Found a gate leading to a gauntlet.
 33187 | Gauntlet | Entered a Gauntlet
 33187 | Gauntlet | Found a transporter.
 33187 | Gauntlet | Found a transporter.
 33187 | Gauntlet | Found a transporter.
 33210 | Gauntlet | Found a transporter.
 33212 | Gauntlet | Identified the +2 helmet "Earthly Heaven" {Str+4 Int+2
                  | Stlth+}
 33223 | Gauntlet | Found a transporter.
 33224 | Gauntlet | Found a transporter.
 33233 | Gauntlet | Found a transporter.
 33242 | Gauntlet | Identified the ring of Losh {*Corrode +Inv rN+ Int+2
                  | Stlth-}
 33252 | Gauntlet | Found a transporter.
 33266 | Gauntlet | Found a transporter.
 33269 | Gauntlet | Found a transporter.
 33277 | Gauntlet | Found a transporter.
 33280 | Gauntlet | Found a transporter.
 33952 | Gauntlet | Identified the +4 ring mail of Supple Strength {rF+ rC++}
 33952 | Gauntlet | Noticed a minotaur
 33966 | Gauntlet | Hit by a javelin thrown by a minotaur

Levels and vault maps discovered:
D:1:      grunt_arrival_lava_bath, layout_basic, minivault_27
D:2:      layout_rooms, overflow_temple_1_default, lemuel_blue_sif_altar,
          chequers_temple_overflow_statue_of_worship,
          chequers_ecumenical_altar_simple_redux, chequers_serial_rivers_marsh
D:3:      layout_basic, lemuel_doored_altar, first_ration, uniq_sigmund,
          uniq_robin
D:4:      corexii_shack_village, layout_gridville,
          nicolae_ru_the_path_less_chosen
D:5:      layout_basic, minmay_temple_entry_drinking_statues, serial_shops, shop
D:6:      layout_cave_pools, lemuel_crystal_altar, uniq_prince_ribbit1
D:7:      layout_loops_ring, nicolae_overflow_hidden_temple
D:8:      layout_basic, nemelex_xobeh_ov_fountains_minmay, serial_shops,
          nicolae_shop_behind_doors, special_room [special_room_kobold],
          grunt_livestock, nicolae_wwwww, uniq_grum, uniq_maurice
D:9:      layout_loops_cross, fiery_altar_vehumet, trog_eyes_of_draining,
          lair_entry_dummy, nemelex_spade_bored_becter
D:10:     layout_rooms, special_room [special_room_orc]
D:11:     layout_roguey, gammafunk_ghost_hydra_chop, serial_shops,
          kennysheep_mini_moat, shop, shop, kennysheep_mini,
          lemuel_hellish_altar
D:12:     layout_loops_ring, orc_0_dummy, serial_shops, shop
D:13:     hangedman_cross_veins, layout_basic, serial_co_window_serial,
          co_window_cross_1, co_window_paths_a, co_window_paths_b,
          co_window_cross_1, co_window_of_opportunity_a, co_window_broadway_a,
          co_window_2corner, co_window_of_opportunity_b, co_window_4corner_b,
          glass_columns_c, serial_shops,
          nicolae_shop_competitors_out_of_business
D:14:     layout_long_grid, ximxim_vaults_locker_room, uniq_josephine,
          uniq_louise
D:15:     hangedman_depths_entry_civil_slaughter, layout_irregular_city,
          hangedman_abyss_or_decor_stagger
Temple:   compressed_dpeg_circular_temple
Lair:1:   layout_big_grid, fungi_pond_lemuel
Lair:2:   layout_regular_city, dummy_snake_entry
Lair:3:   layout_regular_city, minmay_lair_oklob_chamber,
          infiniplex_staircase_pool, wad_woods_river_01, serial_bayou_shore_a
Lair:4:   kb_forest_paths, layout_regular_city, minmay_shoals_entry_centaurs,
          gauntlet_entry_generic, uniq_sonja, uniq_kirke
Gauntlet: minmay_gauntlet_mixed_big_or_small [nicolae_gauntlet_arena_grate_2,
          minmay_gauntlet_arena_77_checkered, gammafunk_gauntlet_arena_chambers,
          minmay_gauntlet_arena_77_terracotta_army,
          nicolae_gauntlet_arena_t_cross,
          minmay_gauntlet_arena_77_chump_sandwich, gauntlet_exit_watery]

Skill      XL: |  1  2  3  4  5  6  7  8  9 10 11 12 13 |
---------------+----------------------------------------+-----
Spellcasting   | 3 4 5 6 7 9 10 | 10.3
Fighting       | 1 2 3 4 5 7 8 |  8.0
Staves         | 1 2 3 4 5 6 8 9 10 | 10.2
Conjurations   | 4 5 6 7 8 10 | 10.8
Dodging        | 2 3 |  3.0
Armour         | 1 3 5 6 |  6.1
Translocations | 1 4 6 |  6.0
Shields        | 2 4 |  4.0
Fire Magic     | 1 4 |  4.3
Stealth        | |  1.5

Action                   |  1- 3 |  4- 6 |  7- 9 | 10-12 | 13-15 || total
-------------------------+-------+-------+-------+-------+-------++-------
Melee: Unarmed           |    30 |       |       |       |       ||    30
       Short sword       |     9 |       |       |       |       ||     9
       Quarterstaff      |       |    39 |   102 |    96 |       ||   237
       Staff             |       |       |       |    35 |    83 ||   118
 Cast: Magic Dart        |    51 |    64 |   139 |   330 |   157 ||   741
       Searing Ray       |     5 |    13 |    58 |   213 |   119 ||   408
       Fireball          |       |       |       |       |     3 ||     3
       Iskenderun's Myst |       |       |       |       |     1 ||     1
Invok: Curse Item        |       |       |     1 |     1 |       ||     2
  Use: Scroll            |       |     5 |     7 |     5 |     3 ||    20
 Stab: Sleeping          |     1 |       |     1 |     1 |       ||     3
       Distracted        |       |       |       |       |     1 ||     1
Armor: Robe              |     7 |    19 |    56 |    88 |       ||   170
       Troll leather arm |       |       |       |     2 |    92 ||    94
Dodge: Dodged            |    25 |    43 |   128 |   277 |   194 ||   667
Block: Buckler           |       |       |       |    28 |    67 ||    95

Table legend:
 A = Non-vault XP
 B = Vault XP
 C = Vault XP percentage of total XP
 D = Non-vault monster count
 E = Vault monster count
 F = Vault count percentage of total count
                 A         B        C        D         E       F
            +---------+---------+-------+---------+---------+-------
      Total |   46912 |   13561 |  22.4 |     407 |     112 |  21.6
            +---------+---------+-------+---------+---------+-------
        D:1 |      19 |       0 |   0.0 |      11 |       0 |   0.0
        D:2 |     126 |      15 |  10.6 |      24 |       1 |   4.0
        D:3 |     217 |      20 |   8.4 |      29 |      10 |  25.6
        D:4 |     355 |      22 |   5.8 |      11 |      10 |  47.6
        D:5 |     967 |       0 |   0.0 |      29 |       0 |   0.0
        D:6 |    1131 |     274 |  19.5 |      18 |       1 |   5.3
        D:7 |     891 |     121 |  12.0 |      10 |       1 |   9.1
        D:8 |     784 |    3936 |  83.4 |      26 |      33 |  55.9
        D:9 |    2963 |     129 |   4.2 |      37 |       3 |   7.5
       D:10 |    2683 |     213 |   7.4 |      34 |      15 |  30.6
       D:11 |    4466 |    1555 |  25.8 |      29 |      12 |  29.3
       D:12 |    5580 |       0 |   0.0 |      29 |       0 |   0.0
       D:13 |    6829 |     505 |   6.9 |      36 |       5 |  12.2
       D:14 |    8092 |    2643 |  24.6 |      25 |       6 |  19.4
       D:15 |      96 |       0 |   0.0 |       1 |       0 |   0.0
     Lair:1 |    4192 |       0 |   0.0 |      20 |       0 |   0.0
     Lair:2 |    3888 |     467 |  10.7 |      13 |       1 |   7.1
     Lair:3 |    3366 |     895 |  21.0 |      23 |       3 |  11.5
     Lair:4 |     267 |       0 |   0.0 |       2 |       0 |   0.0
   Gauntlet |       0 |    2766 | 100.0 |       0 |      11 | 100.0
            +---------+---------+-------+---------+---------+-------
